 Dungeon Crawl Stone Soup version 0.20.1-1-g8b1a95d (webtiles) character file.

41 fortego the Magician (level 3, 0/25 HPs)
             Began as a Mummy Fire Elementalist on Sept 17, 2017.
             Slain by Sigmund
             ... wielding a +0 scythe
              (5 damage)
             ... on level 2 of the Dungeon.
             The game lasted 00:12:21 (842 turns).

fortego the Magician (Mummy Fire Elementalist)       Turns: 842, Time: 00:12:22

Health: 0/25       AC:  2    Str: 11    XL:     3   Next: 32%
Magic:  6/7        EV: 12    Int: 15    God:
Gold:   56         SH:  0    Dex: 12    Spells: 2/8 levels left

rFire    x . .     SeeInvis .   d - +1 dagger (drain)
rCold    + . .     Gourm    .   (no shield)
rNeg     + + +     Faith    .   a - +0 robe
rPois    ∞         Spirit   .   (no helmet)
rElec    .         Reflect  .   (no cloak)
rCorr    .         Harm     .   (no gloves)
MR       .....                  (no boots)
Stlth    +.........             (no amulet)
Regen    0.1/turn               (no ring)
MPRegen  0.1/turn               (no ring)

@: confused
A: no food or potions, fire vulnerability, cold resistance 1, negative energy
resistance 3, torment resistance, unbreathing
a: no special abilities


You were on level 2 of the Dungeon.
You were not hungry.

You visited 1 branch of the dungeon, and saw 2 of its levels.

You collected 56 gold pieces.

Inventory:

Hand Weapons
 d - a +1 dagger of draining (weapon)
Armour
 a - a +0 robe (worn)
Scrolls
 c - 4 scrolls of teleportation {unknown}
 e - 4 scrolls of identify {unknown}
 f - a scroll of amnesia {unknown}
 h - a scroll of random uselessness {unknown}
 i - a scroll of remove curse {unknown}
Books
 b - a book of Flames

   Spells                             Type                      Level
   a - Flame Tongue                   Conjuration/Fire             1
   b - Throw Flame                    Conjuration/Fire             2
   c - Conjure Flame                  Conjuration/Fire             3
   d - Inner Flame                    Hexes/Fire                   3
   e - Sticky Flame                   Conjuration/Fire             4
   f - Fireball                       Conjuration/Fire             5


   Skills:
 + Level 0.4 Fighting
 + Level 0.5 Short Blades
 + Level 1.7 Dodging
 + Level 1.7 Stealth
 + Level 3.3 Spellcasting
 + Level 1.0 Conjurations
 + Level 2.8 Fire Magic


You had 2 spell levels left.
You knew the following spells:

 Your Spells              Type           Power        Failure   Level  Hunger
a - Flame Tongue          Conj/Fire      #....        9%          1    N/A
b - Throw Flame           Conj/Fire      #.....       13%         2    N/A
c - Conjure Flame         Conj/Fire      #.......     26%         3    N/A

Dungeon Overview and Level Annotations

Branches:
Dungeon (2/15)

Altars:

Annotations:
D:2 Sigmund


Innate Abilities, Weirdness & Mutations

You do not eat or drink.
Your flesh is vulnerable to fire.
You are immune to poison.
Your flesh is cold resistant. (rC+)
You are immune to negative energy. (rN+++)
You are immune to unholy pain and torment.
You can survive without breathing.


Message History

You resist with some effort.
Sigmund points at you and mumbles some strange words.
You are more confused.
Sigmund gestures at you while chanting. You resist with some effort.
Things that are here:
a short sword; a stone; a kobold corpse
Things that are here:
a short sword; a stone; a kobold corpse You bump into the rock wall.
You bump into the rock wall.
You bump into the rock wall.
Sigmund says, "I'm your fate." Sigmund casts a spell at you.
You are more confused.
You're too confused to move!
You bump into the rock wall.
You bump into the rock wall.
Sigmund hits you from afar with a scythe.
You die...

##.###.........##...##. ...
+....@..().(.....@
#†###.....).%.#####.##
###.####.##.@.......)#####.#
+..........†................
########.................#.##
#.....#.........####.#.#
#.###)####....### # # #.#
#(@.@#.##.# #....###.####.#
####.###...##.#
#.....#'##+###
####..÷........ #..<.........
#..........b. #......##(?.#
##.....# ##..


You could see Sigmund.

Vanquished Creatures
  An adder (D:2)
  A worm (D:1)
  A leopard gecko (D:1)
  4 goblins
  3 hobgoblins (D:1)
  4 jackals (D:1)
  4 bats
  4 frilled lizards (D:1)
  4 kobolds
  3 rats
29 creatures vanquished.

Notes
Turn   | Place    | Note
-------+----------+-------------------------------------------
     0 | D:1      | fortego the Mummy Fire Elementalist began the quest for the Orb.
     0 | D:1      | Reached XP level 1. HP: 13/13 MP: 4/4
   267 | D:1      | Reached XP level 2. HP: 18/19 MP: 1/5
   272 | D:1      | Reached skill level 1 in Conjurations
   496 | D:1      | Reached skill level 3 in Spellcasting
   647 | D:2      | Reached XP level 3. HP: 13/24 MP: 2/7
   702 | D:2      | Learned a level 2 spell: Throw Flame
   706 | D:2      | Learned a level 3 spell: Conjure Flame
   787 | D:2      | Noticed Sigmund
   842 | D:2      | Slain by Sigmund

Skill      XL: |  1  2 |
---------------+-------+-----
Conjurations   | 1 |  1.0
Spellcasting   | 3 |  3.3
Fighting       | |  0.4
Short Blades   | |  0.5
Dodging        | |  1.7
Stealth        | |  1.7
Fire Magic     | |  2.8

Action                   || total
-------------------------++-------
Melee: Dagger            ||    57
 Cast: Flame Tongue      ||    32
       Throw Flame       ||     2
       Conjure Flame     ||     1
 Stab: Sleeping          ||     1
Armor: Robe              ||    11
Dodge: Dodged            ||    42
